Sarnia Sailors vs Toronto St Pats
Created - Monday, September 23, 2024 at 09:52
Goals
|
| Sarnia Sailors |
1 |
2 |
0 |
0 |
3 |
4 |
| Toronto St Pats |
1 |
1 |
1 |
0 |
2 |
3 |
|
Shots
|
| Sarnia Sailors |
10 |
21 |
8 |
3 |
4 |
42 |
| Toronto St Pats |
8 |
19 |
6 |
1 |
4 |
34 |
|
1st period
1. Toronto St Pats , Connor Dewar 11 (Travis Boyd 23, Nick Cousins 19) at 5:36
2. Sarnia Sailors , Adam Erne 4 (Brad Lambert 32, Jett Woo 8) at 9:55
Penalties :
Jett Woo (SAR) for Cross-checking (Minor) at 0:58, Adam Ginning (SAR) for Hooking (Minor) at 7:43, Nikita Okhotiuk (TSP) for Tripping (Minor) at 11:17, Lucas Carlsson (TSP) for Cross-checking (Minor) at 16:19
2nd period
3. Sarnia Sailors , Arthur Kaliyev 26 (Vasili Podkolzin 18, Brad Lambert 33) at 12:52
4. Toronto St Pats , Brett Berard 8 (Brendan Gaunce 12, Nikita Okhotiuk 7) at 14:32
5. Sarnia Sailors , Vasili Podkolzin 15 (Arthur Kaliyev 29, Brad Lambert 34) at 15:05 (PP)
Penalties :
Brad Lambert (SAR) for Roughing (Minor) at 6:39, Connor Dewar (TSP) for Tripping (Minor) at 14:52, Austin Watson (TSP) for Fighting (Major) at 16:42, Tristen Nielsen (SAR) for Fighting (Major) at 16:42, Lassi Thomson (TSP) for Fighting (Major) at 18:06, Vasili Podkolzin (SAR) for Fighting (Major) at 18:06
3rd period
6. Toronto St Pats , Nick Cousins 12 (Connor Dewar 25, Sam Malinski 10) at 1:53 (SH)
Penalties :
Brett Berard (TSP) for Tripping (Minor) at 1:42, Tristen Nielsen (SAR) for Cross-checking (Minor) at 8:14, Pierre-Olivier Joseph (TSP) for Tripping (Minor) at 12:31
Overtime #1
No Goal
Penalties :
No Penalty
Shootout
Sarnia Sailors, Arthur Kaliyev - Goal!
Toronto St Pats, Connor Dewar - Shot Misses the Net
Sarnia Sailors, Jesse Puljujarvi - Stopped by Jakub Skarek
Toronto St Pats, Nick Cousins - Goal!
Sarnia Sailors, Adam Erne - Goal!
Toronto St Pats, Travis Boyd - Goal!
Sarnia Sailors, Vasili Podkolzin - Goal!
Toronto St Pats, Brendan Brisson - Stopped by Remi Poirier
Penalties :
No Penalty
Goalie Stats
Remi Poirier (SAR), 31 saves from 34 shots - (0.912), W, 17-3-0, 65:00 minutes
Jakub Skarek (TSP), 39 saves from 42 shots - (0.929), OTL, 3-4-1, 65:00 minutes
Players Stats for Sarnia Sailors
Player Name G A P +/- PIM S H SB GA TA FO MP PP MP PK MP
------------------------------------------------------------------------------------
Adam Erne 1 0 1 0 0 4 3 0 0 0 0/0 16:20 0:11 4:10
Adam Ginning 0 0 0 1 2 0 3 1 0 0 0/0 12:50 0:00 0:32
Antti Saarela 0 0 0 0 0 1 1 1 0 0 1/2 8:51 0:00 0:13
Arthur Kaliyev 1 1 2 0 0 11 3 2 2 0 0/1 22:11 4:27 1:20
Brad Lambert 0 3 3 1 2 2 3 2 2 1 9/23 22:36 4:18 1:09
Cole Reinhardt 0 0 0 -1 0 0 0 0 0 0 0/0 15:23 3:41 0:08
Declan Chisholm 0 0 0 -1 0 2 3 2 0 1 0/0 28:37 4:27 4:04
Jack Rathbone 0 0 0 0 0 1 2 1 1 0 0/0 24:13 3:11 3:52
Jamie Drysdale 0 0 0 -1 0 4 3 0 1 0 0/0 30:17 4:27 4:04
Jesse Puljujarvi 0 0 0 -1 0 5 2 0 0 1 0/0 15:01 3:21 0:00
Jett Woo 0 1 1 0 2 2 2 1 0 0 0/0 21:40 3:42 2:44
Landon Slaggert 0 0 0 0 0 2 2 0 1 0 0/0 10:31 0:00 2:18
Logan Morrison 0 0 0 -2 0 2 1 0 0 0 9/14 18:21 1:14 4:10
Lucas Edmonds 0 0 0 0 0 0 1 1 0 0 0/0 9:32 0:11 0:00
Samuel Walker 0 0 0 -1 0 0 0 1 0 0 0/0 7:34 0:00 0:00
Tristen Nielsen 0 0 0 -1 7 3 3 1 0 1 2/9 17:23 3:31 2:24
Tyson Hinds 0 0 0 0 0 1 1 0 1 1 0/0 12:43 0:31 0:36
Vasili Podkolzin 1 1 2 1 5 2 2 1 0 1 3/4 17:55 3:33 0:00
Players Stats for Toronto St Pats
Player Name G A P +/- PIM S H SB GA TA FO MP PP MP PK MP
------------------------------------------------------------------------------------
Austin Watson 0 0 0 0 5 2 1 0 1 0 0/0 13:04 3:46 0:00
Bogdan Trineyev 0 0 0 0 0 0 1 0 0 0 0/0 7:21 0:00 0:00
Brendan Brisson 0 0 0 0 0 1 2 0 0 1 3/13 20:30 3:54 3:53
Brendan Gaunce 0 1 1 -1 0 3 1 2 1 0 4/7 16:41 0:16 0:10
Brett Berard 1 0 1 -1 2 4 0 0 0 0 1/1 11:00 0:00 0:00
Connor Dewar 1 1 2 2 2 3 2 0 0 0 16/23 21:37 3:54 3:47
John Farinacci 0 0 0 0 0 1 0 0 0 0 1/3 10:41 0:00 0:45
Lassi Thomson 0 0 0 -1 5 1 2 2 0 0 0/0 15:04 0:00 2:00
Lucas Carlsson 0 0 0 -1 2 4 0 2 0 0 0/0 18:38 3:55 0:09
Mackie Samoskevich 0 0 0 0 0 0 0 0 0 1 0/1 15:06 3:54 0:00
Matthew Maggio 0 0 0 0 0 0 0 0 0 0 0/0 7:44 0:00 0:00
Nick Cousins 1 1 2 2 0 5 4 0 1 2 3/3 22:00 4:02 4:00
Nikita Okhotiuk 0 1 1 2 2 1 2 3 0 1 0/0 22:06 0:00 2:57
Pierre-Olivier Joseph 0 0 0 2 2 1 3 0 1 1 0/0 26:26 3:55 2:25
Ryan Tverberg 0 0 0 -1 0 2 3 0 0 1 0/0 13:38 0:08 0:00
Sam Malinski 0 1 1 0 0 1 0 0 1 0 0/0 24:26 4:01 4:25
Scott Perunovich 0 0 0 0 0 0 3 1 0 0 0/0 23:55 4:01 4:25
Travis Boyd 0 1 1 1 0 5 2 2 1 1 1/2 21:51 3:54 3:44
3 Stars
1 - Nick Cousins (TSP)
2 - Arthur Kaliyev (SAR)
3 - Brad Lambert (SAR)
Power Play
Sarnia Sailors - 1 on 5 Attempt(s) - 20.00%
Toronto St Pats - 0 on 4 Attempt(s) - 0.00%
Penalty Kill
Sarnia Sailors - 4 on 4 Attempt(s) - 100.00%
- Score 0 goal in Penalty Kill
Toronto St Pats - 4 on 5 Attempt(s) - 80.00%
- Score 1 goal in Penalty Kill
Team Stat
Sarnia Sailors - Hits : 35 - Faceoff Wins : 24 - Blocked Shots : 14 - Penalty Minutes : 18
Toronto St Pats - Hits : 26 - Faceoff Wins : 29 - Blocked Shots : 12 - Penalty Minutes : 20
Official
Referees : Beaudry Halkidis and Carter Sandlak
Linesman : Mitchell Hunt and Travis Toomey
Game Notes
Austin Watson and Tristen Nielsen fight to a draw at 16:42 of 2nd period
Lassi Thomson and Vasili Podkolzin fight to a draw at 18:06 of 2nd period
Sarnia Sailors
5 vs 5 Forward
Center Left Wing Right Wing Time % Phy DF OF
1 Brad Lambert Vasili Podkolzin Arthur Kaliyev 40 2 1 2
2 Tristen Nielsen Adam Erne Jesse Puljujarvi 30 2 1 2
3 Logan Morrison Samuel Walker Cole Reinhardt 20 1 2 2
4 Antti Saarela Landon Slaggert Lucas Edmonds 10 2 1 2
5 vs 5 Defense
Defense Defense Time % Phy DF OF
1 Jamie Drysdale Declan Chisholm 40 1 2 2
2 Jett Woo Jack Rathbone 30 2 1 2
3 Tyson Hinds Adam Ginning 20 2 2 1
4 Jamie Drysdale Jack Rathbone 10 1 2 2
PowerPlay Forward
Center Left Wing Right Wing Time % Phy DF OF
1 Brad Lambert Vasili Podkolzin Arthur Kaliyev 60 0 1 4
2 Tristen Nielsen Cole Reinhardt Jesse Puljujarvi 40 0 1 4
PowerPlay Defense
Defense Defense Time % Phy DF OF
1 Jamie Drysdale Declan Chisholm 60 1 1 3
2 Jett Woo Jack Rathbone 40 2 1 2
Penalty Kill 4 Players Forward
Center Wing Time % Phy DF OF
1 Logan Morrison Adam Erne 60 2 2 1
2 Tristen Nielsen Landon Slaggert 40 2 2 1
Penalty Kill 4 Players Defense
Defense Defense Time % Phy DF OF
1 Jamie Drysdale Declan Chisholm 60 2 1 2
2 Jett Woo Jack Rathbone 40 2 2 1
Penalty Kill - 3 Players Forward
Forward Time % Phy DF OF
1 Logan Morrison 60 2 1 2
2 Tristen Nielsen 40 2 2 1
Penalty Kill - 3 Players Defense
Defense Defense Time % Phy DF OF
1 Jamie Drysdale Declan Chisholm 60 2 1 2
2 Jett Woo Jack Rathbone 40 2 1 2
4 vs 4 Forward
Center Wing Time % Phy DF OF
1 Brad Lambert Arthur Kaliyev 60 2 1 2
2 Tristen Nielsen Vasili Podkolzin 40 2 1 2
4 vs 4 Defense
Defense Defense Time % Phy DF OF
1 Jamie Drysdale Declan Chisholm 60 1 2 2
2 Jett Woo Jack Rathbone 40 2 1 2
Last Minutes Offensive
Center Left Wing Right Wing Defense Defense
Brad Lambert Vasili Podkolzin Arthur Kaliyev Jamie Drysdale Jack Rathbone
Last Minutes Defensive
Center Left Wing Right Wing Defense Defense
Brad Lambert Vasili Podkolzin Arthur Kaliyev Jamie Drysdale Jack Rathbone
Goaltenders
Starting : Remi Poirier
Backup : Sebastian Cossa
Extra Forwards
Normal : Logan Morrison, Cole Reinhardt, Lucas Edmonds - PP : Logan Morrison, Cole Reinhardt - PK : Logan Morrison
Extra Defensemen
Normal : Tyson Hinds, Adam Ginning, Jamie Drysdale - PP : Tyson Hinds - PK : Tyson Hinds, Adam Ginning
Penalty Shots
Arthur Kaliyev, Jesse Puljujarvi, Adam Erne, Vasili Podkolzin, Samuel Walker
Scratches
Daniel Torgersson (Healthy), Tyler Boucher (Healthy), Zach Uens (Healthy), Rory Kerins (Healthy), Dylan Ferguson (Healthy)
Toronto St Pats
5 vs 5 Forward
Center Left Wing Right Wing Time % Phy DF OF
1 Connor Dewar Nick Cousins Travis Boyd 30 1 2 2
2 Brendan Brisson Austin Watson Mackie Samoskevich 30 1 2 2
3 Brendan Gaunce Brett Berard Ryan Tverberg 25 1 2 2
4 John Farinacci Bogdan Trineyev Matthew Maggio 15 1 2 2
5 vs 5 Defense
Defense Defense Time % Phy DF OF
1 Nikita Okhotiuk Pierre-Olivier Joseph 30 1 2 2
2 Sam Malinski Scott Perunovich 30 1 2 2
3 Lucas Carlsson Lassi Thomson 25 1 2 2
4 Nikita Okhotiuk Pierre-Olivier Joseph 15 1 2 2
PowerPlay Forward
Center Left Wing Right Wing Time % Phy DF OF
1 Connor Dewar Nick Cousins Travis Boyd 50 1 2 2
2 Brendan Brisson Austin Watson Mackie Samoskevich 50 1 2 2
PowerPlay Defense
Defense Defense Time % Phy DF OF
1 Sam Malinski Scott Perunovich 50 1 2 2
2 Lucas Carlsson Pierre-Olivier Joseph 50 1 2 2
Penalty Kill 4 Players Forward
Center Wing Time % Phy DF OF
1 Connor Dewar Nick Cousins 50 1 2 2
2 Travis Boyd Brendan Brisson 50 1 2 2
Penalty Kill 4 Players Defense
Defense Defense Time % Phy DF OF
1 Nikita Okhotiuk Pierre-Olivier Joseph 50 1 2 2
2 Sam Malinski Scott Perunovich 50 1 2 2
Penalty Kill - 3 Players Forward
Forward Time % Phy DF OF
1 Connor Dewar 50 1 2 2
2 Nick Cousins 50 1 2 2
Penalty Kill - 3 Players Defense
Defense Defense Time % Phy DF OF
1 Nikita Okhotiuk Pierre-Olivier Joseph 50 1 2 2
2 Sam Malinski Scott Perunovich 50 1 2 2
4 vs 4 Forward
Center Wing Time % Phy DF OF
1 Connor Dewar Nick Cousins 50 1 2 2
2 Travis Boyd Brendan Brisson 50 1 2 2
4 vs 4 Defense
Defense Defense Time % Phy DF OF
1 Nikita Okhotiuk Pierre-Olivier Joseph 50 1 2 2
2 Sam Malinski Scott Perunovich 50 1 2 2
Last Minutes Offensive
Center Left Wing Right Wing Defense Defense
Connor Dewar Nick Cousins Travis Boyd Nikita Okhotiuk Pierre-Olivier Joseph
Last Minutes Defensive
Center Left Wing Right Wing Defense Defense
Connor Dewar Nick Cousins Travis Boyd Nikita Okhotiuk Pierre-Olivier Joseph
Goaltenders
Starting : Jakub Skarek
Backup : Adam Scheel
Extra Forwards
Normal : Brendan Gaunce, Ryan Tverberg, John Farinacci - PP : Brendan Gaunce, Ryan Tverberg - PK : John Farinacci
Extra Defensemen
Normal : Lucas Carlsson, Lassi Thomson, Sam Malinski - PP : Lucas Carlsson - PK : Lassi Thomson, Sam Malinski
Penalty Shots
Connor Dewar, Nick Cousins, Travis Boyd, Brendan Brisson, Austin Watson
Scratches
Cole McWard (Healthy), Nico Myatovic (Healthy), Eetu Liukas (Healthy), Ville Koivunen (Healthy), Jake Leschyshyn (Healthy)
Brett Brochu (Healthy), Will Cranley (Healthy)
% Time on Ice - Sarnia Sailors
Lines # - Real PCT - Wanted PCT - Time Play
Normal Forward
1 - 34% - 40% - 14:58
2 - 34% - 30% - 14:49
3 - 16% - 20% - 6:55
4 - 16% - 10% - 7:13
Normal Defense
1 - 40% - 40% - 17:38
2 - 31% - 30% - 13:43
3 - 24% - 20% - 10:34
4 - 5% - 10% - 2:00
PP Forward
1 - 57% - 60% - 4:38
2 - 43% - 40% - 3:31
PP Defense
1 - 55% - 60% - 4:27
2 - 45% - 40% - 3:42
PK Forward
1 - 71% - 60% - 5:38
2 - 29% - 40% - 2:18
PK Defense
1 - 51% - 60% - 4:04
2 - 49% - 40% - 3:52
PK3 Forward
1 - 0% - 60%
2 - 0% - 40%
PK3 Defense
1 - 0% - 60%
2 - 0% - 40%
44 Forward
1 - 72% - 60% - 3:35
2 - 28% - 40% - 1:25
44 Defense
1 - 66% - 60% - 3:17
2 - 34% - 40% - 1:43
Last Minute Offensive - 0:00
Last Minute Defensive - 0:00
Total
Forward - 65:00
Defense - 65:00
|
% Time on Ice - Toronto St Pats
Lines # - Real PCT - Wanted PCT - Time Play
Normal Forward
1 - 27% - 30% - 11:52
2 - 32% - 30% - 14:02
3 - 24% - 25% - 10:40
4 - 17% - 15% - 7:21
Normal Defense
1 - 30% - 30% - 13:08
2 - 30% - 30% - 13:23
3 - 29% - 25% - 12:39
4 - 11% - 15% - 4:45
PP Forward
1 - 51% - 50% - 4:02
2 - 49% - 50% - 3:54
PP Defense
1 - 51% - 50% - 4:01
2 - 49% - 50% - 3:55
PK Forward
1 - 49% - 50% - 4:00
2 - 51% - 50% - 4:09
PK Defense
1 - 46% - 50% - 3:44
2 - 54% - 50% - 4:25
PK3 Forward
1 - 0% - 50%
2 - 0% - 50%
PK3 Defense
1 - 0% - 50%
2 - 0% - 50%
44 Forward
1 - 64% - 50% - 3:13
2 - 36% - 50% - 1:47
44 Defense
1 - 50% - 50% - 2:31
2 - 50% - 50% - 2:29
Last Minute Offensive - 0:00
Last Minute Defensive - 0:00
Total
Forward - 65:00
Defense - 65:00
|
Play-by-Play
1st period
0:01 of 1st period - Nick Cousins wins face-off versus Brad Lambert in neutral zone.
0:04 of 1st period - Brad Lambert is hit by Pierre-Olivier Joseph and loses puck.
0:58 of 1st period - Minor Penalty to Jett Woo for Cross-checking.
0:59 of 1st period - Logan Morrison wins face-off versus Connor Dewar in Sarnia Sailors zone.
0:59 of 1st period - Logan Morrison is hit by Scott Perunovich.
1:50 of 1st period - Connor Dewar is hit by Tyson Hinds and loses puck.
2:19 of 1st period - Connor Dewar is hit by Declan Chisholm and loses puck.
2:58 of 1st period - Penalty to Jett Woo is over, Jett Woo is back on ice.
3:08 of 1st period - Snap shot by Arthur Kaliyev.
3:08 of 1st period - Stopped by Jakub Skarek with a rebound.
3:20 of 1st period - Slapshot by Logan Morrison.
3:20 of 1st period - Stopped by Jakub Skarek with a rebound.
3:47 of 1st period - Icing by Landon Slaggert.
3:48 of 1st period - Antti Saarela wins face-off versus Brendan Gaunce in Sarnia Sailors zone.
4:03 of 1st period - Wrist shot by Brad Lambert.
4:03 of 1st period - Stopped by Jakub Skarek without a rebound.
4:04 of 1st period - Connor Dewar wins face-off versus Tristen Nielsen in Toronto St Pats zone.
4:19 of 1st period - Slapshot by Jesse Puljujarvi.
4:19 of 1st period - Shot Blocked by Travis Boyd.
5:08 of 1st period - Scott Perunovich is hit by Landon Slaggert and loses puck.
5:30 of 1st period - Snap shot by Travis Boyd.
5:30 of 1st period - Stopped by Remi Poirier with a rebound.
5:32 of 1st period - Slapshot by Nick Cousins.
5:32 of 1st period - Stopped by Remi Poirier with a rebound.
5:34 of 1st period - Slapshot by Travis Boyd.
5:34 of 1st period - Shot Misses the Net.
5:36 of 1st period - Snap shot by Connor Dewar.
5:36 of 1st period - Goal by Connor Dewar - Sarnia Sailors : 0 - Toronto St Pats : 1.
5:37 of 1st period - Vasili Podkolzin wins face-off versus Brendan Brisson in neutral zone.
6:04 of 1st period - Nikita Okhotiuk is hit by Tristen Nielsen.
6:14 of 1st period - Wrist shot by Jesse Puljujarvi.
6:14 of 1st period - Stopped by Jakub Skarek with a rebound.
6:52 of 1st period - Wrist shot by Lucas Edmonds.
6:52 of 1st period - Shot Misses the Net.
6:54 of 1st period - Slapshot by Jett Woo.
6:54 of 1st period - Stopped by Jakub Skarek with a rebound.
7:12 of 1st period - Wrist shot by Mackie Samoskevich.
7:12 of 1st period - Shot Blocked by Vasili Podkolzin.
7:43 of 1st period - Minor Penalty to Adam Ginning for Hooking.
7:44 of 1st period - Logan Morrison wins face-off versus Brendan Brisson in Sarnia Sailors zone.
7:57 of 1st period - Wrist shot by Adam Erne.
7:57 of 1st period - Shot Misses the Net.
7:59 of 1st period - Slapshot by Declan Chisholm.
7:59 of 1st period - Stopped by Jakub Skarek with a rebound.
8:11 of 1st period - Adam Erne is hit by Nick Cousins.
8:57 of 1st period - Icing by Pierre-Olivier Joseph.
8:58 of 1st period - Tristen Nielsen wins face-off versus Brendan Brisson in Toronto St Pats zone.
9:43 of 1st period - Penalty to Adam Ginning is over, Adam Ginning is back on ice.
9:55 of 1st period - Wrist shot by Adam Erne.
9:55 of 1st period - Goal by Adam Erne - Sarnia Sailors : 1 - Toronto St Pats : 1.
9:56 of 1st period - Vasili Podkolzin wins face-off versus Connor Dewar in neutral zone.
10:03 of 1st period - Snap shot by Connor Dewar.
10:03 of 1st period - Stopped by Remi Poirier with a rebound.
10:05 of 1st period - Wrist shot by Travis Boyd.
10:05 of 1st period - Shot Misses the Net.
10:07 of 1st period - Snap shot by Travis Boyd.
10:07 of 1st period - Stopped by Remi Poirier with a rebound.
10:09 of 1st period - Slapshot by Pierre-Olivier Joseph.
10:09 of 1st period - Shot Blocked by Brad Lambert.
10:11 of 1st period - Slapshot by Pierre-Olivier Joseph.
10:11 of 1st period - Shot Blocked by Brad Lambert.
10:30 of 1st period - Wrist shot by Logan Morrison.
10:30 of 1st period - Shot Misses the Net.
11:02 of 1st period - Pierre-Olivier Joseph is hit by Jack Rathbone and loses puck.
11:07 of 1st period - Slapshot by Landon Slaggert.
11:07 of 1st period - Shot Blocked by Nikita Okhotiuk.
11:09 of 1st period - Snap shot by Antti Saarela.
11:09 of 1st period - Stopped by Jakub Skarek with a rebound.
11:17 of 1st period - Minor Penalty to Nikita Okhotiuk for Tripping.
11:18 of 1st period - Connor Dewar wins face-off versus Arthur Kaliyev in Toronto St Pats zone.
11:35 of 1st period - Travis Boyd is hit by Brad Lambert and loses puck.
13:17 of 1st period - Penalty to Nikita Okhotiuk is over, Nikita Okhotiuk is back on ice.
13:30 of 1st period - Icing by Brendan Gaunce.
13:31 of 1st period - Brendan Gaunce wins face-off versus Antti Saarela in Toronto St Pats zone.
13:44 of 1st period - Slapshot by Lucas Edmonds.
13:44 of 1st period - Shot Hit the Post.
13:46 of 1st period - Slapshot by Tyson Hinds.
13:46 of 1st period - Stopped by Jakub Skarek without a rebound.
13:47 of 1st period - Connor Dewar wins face-off versus Brad Lambert in Toronto St Pats zone.
14:17 of 1st period - Wrist shot by Jesse Puljujarvi.
14:17 of 1st period - Shot Misses the Net.
14:46 of 1st period - Snap shot by Logan Morrison.
14:46 of 1st period - Shot Misses the Net.
14:56 of 1st period - Slapshot by Sam Malinski.
14:56 of 1st period - Stopped by Remi Poirier with a rebound.
14:58 of 1st period - Snap shot by John Farinacci.
14:58 of 1st period - Stopped by Remi Poirier with a rebound.
15:20 of 1st period - Wrist shot by Mackie Samoskevich.
15:20 of 1st period - Shot Misses the Net.
15:22 of 1st period - Slapshot by Lassi Thomson.
15:22 of 1st period - Shot Blocked by Antti Saarela.
15:24 of 1st period - Snap shot by Austin Watson.
15:24 of 1st period - Stopped by Remi Poirier without a rebound.
15:25 of 1st period - Nick Cousins wins face-off versus Tristen Nielsen in Sarnia Sailors zone.
15:26 of 1st period - Wrist shot by Travis Boyd.
15:26 of 1st period - Shot Misses the Net.
15:39 of 1st period - Snap shot by Jesse Puljujarvi.
15:39 of 1st period - Shot Blocked by Travis Boyd.
15:41 of 1st period - Snap shot by Jett Woo.
15:41 of 1st period - Stopped by Jakub Skarek with a rebound.
16:19 of 1st period - Minor Penalty to Lucas Carlsson for Cross-checking.
16:20 of 1st period - Connor Dewar wins face-off versus Brad Lambert in Toronto St Pats zone.
16:20 of 1st period - Connor Dewar is hit by Brad Lambert.
16:45 of 1st period - Declan Chisholm is hit by Connor Dewar and loses puck.
16:52 of 1st period - Cole Reinhardt is hit by Nick Cousins and loses puck.
18:19 of 1st period - Penalty to Lucas Carlsson is over, Lucas Carlsson is back on ice.
19:18 of 1st period - Brad Lambert is hit by Scott Perunovich and loses puck.
Goals for this period are 1 for Sarnia Sailors vs 1 for Toronto St Pats.
Shots for this period are 10 for Sarnia Sailors vs 8 for Toronto St Pats.
2nd period
0:01 of 2nd period - Brad Lambert wins face-off versus Connor Dewar in neutral zone.
0:14 of 2nd period - Nick Cousins is hit by Arthur Kaliyev and loses puck.
0:27 of 2nd period - Declan Chisholm is hit by Brendan Brisson and loses puck.
1:01 of 2nd period - Snap shot by Brett Berard.
1:01 of 2nd period - Stopped by Remi Poirier with a rebound.
1:03 of 2nd period - Wrist shot by Lucas Carlsson.
1:03 of 2nd period - Stopped by Remi Poirier with a rebound.
1:20 of 2nd period - John Farinacci is hit by Landon Slaggert and loses puck.
1:41 of 2nd period - Snap shot by Nick Cousins.
1:41 of 2nd period - Shot Misses the Net.
1:51 of 2nd period - Wrist shot by Jesse Puljujarvi.
1:51 of 2nd period - Stopped by Jakub Skarek without a rebound.
1:52 of 2nd period - Brendan Brisson wins face-off versus Tristen Nielsen in Toronto St Pats zone.
1:52 of 2nd period - Brendan Brisson is hit by Jamie Drysdale.
1:58 of 2nd period - Declan Chisholm is hit by Brendan Brisson and loses puck.
3:09 of 2nd period - Sam Malinski is hit by Jesse Puljujarvi.
3:13 of 2nd period - Scott Perunovich is hit by Declan Chisholm and loses puck.
3:29 of 2nd period - Wrist shot by Lucas Carlsson.
3:29 of 2nd period - Stopped by Remi Poirier with a rebound.
3:46 of 2nd period - Declan Chisholm is hit by Nick Cousins.
3:50 of 2nd period - Logan Morrison is hit by Connor Dewar and loses puck.
4:29 of 2nd period - Connor Dewar is hit by Tristen Nielsen and loses puck.
4:47 of 2nd period - Logan Morrison is hit by Pierre-Olivier Joseph and loses puck.
5:06 of 2nd period - Snap shot by Landon Slaggert.
5:06 of 2nd period - Stopped by Jakub Skarek with a rebound.
5:08 of 2nd period - Snap shot by Landon Slaggert.
5:08 of 2nd period - Shot Misses the Net.
5:10 of 2nd period - Wrist shot by Landon Slaggert.
5:10 of 2nd period - Stopped by Jakub Skarek with a rebound.
5:12 of 2nd period - Wrist shot by Antti Saarela.
5:12 of 2nd period - Shot Misses the Net.
5:24 of 2nd period - Wrist shot by Austin Watson.
5:24 of 2nd period - Shot Blocked by Arthur Kaliyev.
5:26 of 2nd period - Slapshot by Brendan Brisson.
5:26 of 2nd period - Deflect By Arthur Kaliyev.
5:26 of 2nd period - Stopped by Remi Poirier with a rebound.
5:28 of 2nd period - Wrist shot by Brendan Brisson.
5:28 of 2nd period - Shot Misses the Net.
5:30 of 2nd period - Snap shot by Austin Watson.
5:30 of 2nd period - Stopped by Remi Poirier with a rebound.
6:07 of 2nd period - Scott Perunovich is hit by Declan Chisholm and loses puck.
6:26 of 2nd period - Matthew Maggio is hit by Arthur Kaliyev and loses puck.
6:39 of 2nd period - Minor Penalty to Brad Lambert for Roughing.
6:40 of 2nd period - Connor Dewar wins face-off versus Logan Morrison in Sarnia Sailors zone.
6:53 of 2nd period - Snap shot by Travis Boyd.
6:53 of 2nd period - Stopped by Remi Poirier with a rebound.
7:33 of 2nd period - Wrist shot by Arthur Kaliyev.
7:33 of 2nd period - Stopped by Jakub Skarek with a rebound.
7:39 of 2nd period - Travis Boyd is hit by Jamie Drysdale and loses puck.
8:39 of 2nd period - Penalty to Brad Lambert is over, Brad Lambert is back on ice.
8:40 of 2nd period - Cole Reinhardt is hit by Austin Watson and loses puck.
9:13 of 2nd period - Landon Slaggert is hit by Nikita Okhotiuk and loses puck.
9:20 of 2nd period - Snap shot by Brendan Gaunce.
9:20 of 2nd period - Stopped by Remi Poirier without a rebound.
9:21 of 2nd period - Vasili Podkolzin wins face-off versus Brendan Gaunce in Sarnia Sailors zone.
9:38 of 2nd period - Arthur Kaliyev is hit by Lassi Thomson.
9:48 of 2nd period - John Farinacci is hit by Jesse Puljujarvi and loses puck.
9:54 of 2nd period - Icing by John Farinacci.
9:55 of 2nd period - John Farinacci wins face-off versus Tristen Nielsen in Toronto St Pats zone.
10:00 of 2nd period - Slapshot by Lucas Carlsson.
10:00 of 2nd period - Stopped by Remi Poirier with a rebound.
10:02 of 2nd period - Wrist shot by John Farinacci.
10:02 of 2nd period - Shot Misses the Net.
10:04 of 2nd period - Snap shot by John Farinacci.
10:04 of 2nd period - Shot Blocked by Tristen Nielsen.
10:06 of 2nd period - Slapshot by Lassi Thomson.
10:06 of 2nd period - Deflect By Jesse Puljujarvi.
10:06 of 2nd period - Stopped by Remi Poirier with a rebound.
10:08 of 2nd period - Slapshot by Lucas Carlsson.
10:08 of 2nd period - Stopped by Remi Poirier without a rebound.
10:09 of 2nd period - Connor Dewar wins face-off versus Brad Lambert in Sarnia Sailors zone.
10:12 of 2nd period - Snap shot by Nick Cousins.
10:12 of 2nd period - Stopped by Remi Poirier with a rebound.
10:14 of 2nd period - Wrist shot by Connor Dewar.
10:14 of 2nd period - Shot Misses the Net.
10:16 of 2nd period - Backhand shot by Connor Dewar.
10:16 of 2nd period - Stopped by Remi Poirier with a rebound.
10:18 of 2nd period - Slapshot by Pierre-Olivier Joseph.
10:18 of 2nd period - Stopped by Remi Poirier with a rebound.
10:31 of 2nd period - Icing by Nikita Okhotiuk.
10:32 of 2nd period - Connor Dewar wins face-off versus Tristen Nielsen in Toronto St Pats zone.
10:32 of 2nd period - Connor Dewar is hit by Adam Erne.
10:58 of 2nd period - Scott Perunovich is hit by Jack Rathbone and loses puck.
11:07 of 2nd period - Snap shot by Brad Lambert.
11:07 of 2nd period - Shot Misses the Net.
11:19 of 2nd period - Declan Chisholm is hit by Bogdan Trineyev.
11:43 of 2nd period - Travis Boyd is hit by Antti Saarela and loses puck.
11:52 of 2nd period - Wrist shot by Connor Dewar.
11:52 of 2nd period - Shot Misses the Net.
12:26 of 2nd period - Off-side.
12:27 of 2nd period - Brendan Gaunce wins face-off versus Brad Lambert in neutral zone.
12:36 of 2nd period - Backhand shot by Vasili Podkolzin.
12:36 of 2nd period - Shot Misses the Net.
12:38 of 2nd period - Snap shot by Arthur Kaliyev.
12:38 of 2nd period - Shot Blocked by Lucas Carlsson.
12:40 of 2nd period - Wrist shot by Arthur Kaliyev.
12:40 of 2nd period - Shot Blocked by Lassi Thomson.
12:42 of 2nd period - Slapshot by Jamie Drysdale.
12:42 of 2nd period - Stopped by Jakub Skarek with a rebound.
12:44 of 2nd period - Snap shot by Arthur Kaliyev.
12:44 of 2nd period - Shot Misses the Net.
12:46 of 2nd period - Snap shot by Vasili Podkolzin.
12:46 of 2nd period - Shot Blocked by Lassi Thomson.
12:48 of 2nd period - Snap shot by Brad Lambert.
12:48 of 2nd period - Shot Blocked by Lucas Carlsson.
12:50 of 2nd period - Snap shot by Vasili Podkolzin.
12:50 of 2nd period - Stopped by Jakub Skarek with a rebound.
12:52 of 2nd period - Slapshot by Arthur Kaliyev.
12:52 of 2nd period - Goal by Arthur Kaliyev - Sarnia Sailors : 2 - Toronto St Pats : 1.
12:53 of 2nd period - Connor Dewar wins face-off versus Brad Lambert in neutral zone.
13:26 of 2nd period - Wrist shot by Ryan Tverberg.
13:26 of 2nd period - Shot Blocked by Declan Chisholm.
13:52 of 2nd period - Snap shot by Jesse Puljujarvi.
13:52 of 2nd period - Deflect By Austin Watson.
13:52 of 2nd period - Stopped by Jakub Skarek without a rebound.
13:53 of 2nd period - Connor Dewar wins face-off versus Logan Morrison in Toronto St Pats zone.
13:53 of 2nd period - Connor Dewar is hit by Jett Woo.
13:56 of 2nd period - Icing by Travis Boyd.
13:57 of 2nd period - Connor Dewar wins face-off versus Logan Morrison in Toronto St Pats zone.
14:04 of 2nd period - Snap shot by Connor Dewar.
14:04 of 2nd period - Shot Misses the Net.
14:06 of 2nd period - Slapshot by Pierre-Olivier Joseph.
14:06 of 2nd period - Shot Blocked by Samuel Walker.
14:22 of 2nd period - Wrist shot by Brett Berard.
14:22 of 2nd period - Stopped by Remi Poirier with a rebound.
14:24 of 2nd period - Wrist shot by Nikita Okhotiuk.
14:24 of 2nd period - Deflect By Jett Woo.
14:24 of 2nd period - Stopped by Remi Poirier with a rebound.
14:28 of 2nd period - Slapshot by Brendan Gaunce.
14:28 of 2nd period - Shot Misses the Net.
14:30 of 2nd period - Snap shot by Brendan Gaunce.
14:30 of 2nd period - Shot Misses the Net.
14:32 of 2nd period - Wrist shot by Brett Berard.
14:32 of 2nd period - Goal by Brett Berard - Sarnia Sailors : 2 - Toronto St Pats : 2.
14:33 of 2nd period - Brad Lambert wins face-off versus Connor Dewar in neutral zone.
14:43 of 2nd period - Wrist shot by Arthur Kaliyev.
14:43 of 2nd period - Stopped by Jakub Skarek without a rebound.
14:44 of 2nd period - Brad Lambert wins face-off versus Connor Dewar in Toronto St Pats zone.
14:52 of 2nd period - Minor Penalty to Connor Dewar for Tripping.
14:53 of 2nd period - Brad Lambert wins face-off versus John Farinacci in Toronto St Pats zone.
15:01 of 2nd period - Backhand shot by Brad Lambert.
15:01 of 2nd period - Stopped by Jakub Skarek with a rebound.
15:03 of 2nd period - Snap shot by Arthur Kaliyev.
15:03 of 2nd period - Stopped by Jakub Skarek with a rebound.
15:05 of 2nd period - Wrist shot by Vasili Podkolzin.
15:05 of 2nd period - Goal by Vasili Podkolzin - Sarnia Sailors : 3 - Toronto St Pats : 2.
15:06 of 2nd period - Connor Dewar wins face-off versus Brad Lambert in neutral zone.
15:19 of 2nd period - Declan Chisholm is hit by Travis Boyd and loses puck.
15:40 of 2nd period - Wrist shot by Jamie Drysdale.
15:40 of 2nd period - Shot Misses the Net.
15:42 of 2nd period - Slapshot by Declan Chisholm.
15:42 of 2nd period - Shot Misses the Net.
15:44 of 2nd period - Snap shot by Tristen Nielsen.
15:44 of 2nd period - Stopped by Jakub Skarek with a rebound.
16:02 of 2nd period - Snap shot by Logan Morrison.
16:02 of 2nd period - Shot Misses the Net.
16:04 of 2nd period - Wrist shot by Cole Reinhardt.
16:04 of 2nd period - Deflect By Logan Morrison.
16:04 of 2nd period - Shot Blocked by Brendan Gaunce.
16:04 of 2nd period - Puck is out of play.
16:05 of 2nd period - Connor Dewar wins face-off versus Brad Lambert in Toronto St Pats zone.
16:10 of 2nd period - Snap shot by Travis Boyd.
16:10 of 2nd period - Stopped by Remi Poirier with a rebound.
16:37 of 2nd period - Snap shot by Vasili Podkolzin.
16:37 of 2nd period - Shot Blocked by Scott Perunovich.
16:39 of 2nd period - Snap shot by Jesse Puljujarvi.
16:39 of 2nd period - Deflect By Adam Erne.
16:39 of 2nd period - Shot Misses the Net.
16:39 of 2nd period - Puck is out of play.
16:40 of 2nd period - Tristen Nielsen wins face-off versus Brendan Brisson in Toronto St Pats zone.
16:42 of 2nd period - Austin Watson and Tristen Nielsen fight to a draw.
16:42 of 2nd period - Penalty to Austin Watson for Fighting.
16:42 of 2nd period - Penalty to Tristen Nielsen for Fighting.
16:43 of 2nd period - Logan Morrison wins face-off versus Connor Dewar in Toronto St Pats zone.
16:50 of 2nd period - Wrist shot by Jesse Puljujarvi.
16:50 of 2nd period - Shot Misses the Net.
16:52 of 2nd period - Wrist shot by Jesse Puljujarvi.
16:52 of 2nd period - Deflect By Adam Erne.
16:52 of 2nd period - Stopped by Jakub Skarek with a rebound.
16:54 of 2nd period - Slapshot by Logan Morrison.
16:54 of 2nd period - Deflect By Adam Erne.
16:54 of 2nd period - Stopped by Jakub Skarek without a rebound.
16:55 of 2nd period - Brad Lambert wins face-off versus Brendan Brisson in Toronto St Pats zone.
16:58 of 2nd period - Wrist shot by Arthur Kaliyev.
16:58 of 2nd period - Stopped by Jakub Skarek without a rebound.
16:59 of 2nd period - Brendan Gaunce wins face-off versus Vasili Podkolzin in Toronto St Pats zone.
17:08 of 2nd period - Snap shot by Arthur Kaliyev.
17:08 of 2nd period - Shot Misses the Net.
17:10 of 2nd period - Slapshot by Declan Chisholm.
17:10 of 2nd period - Deflect By Vasili Podkolzin.
17:10 of 2nd period - Shot Blocked by Brendan Gaunce.
17:10 of 2nd period - Puck is out of play.
17:11 of 2nd period - Logan Morrison wins face-off versus Connor Dewar in Toronto St Pats zone.
17:12 of 2nd period - Snap shot by Jesse Puljujarvi.
17:12 of 2nd period - Stopped by Jakub Skarek with a rebound.
17:42 of 2nd period - Wrist shot by Lucas Edmonds.
17:42 of 2nd period - Shot Misses the Net.
17:50 of 2nd period - Scott Perunovich is hit by Adam Ginning and loses puck.
17:57 of 2nd period - Snap shot by Nick Cousins.
17:57 of 2nd period - Stopped by Remi Poirier without a rebound.
17:58 of 2nd period - Brad Lambert wins face-off versus Brendan Brisson in Sarnia Sailors zone.
18:06 of 2nd period - Lassi Thomson and Vasili Podkolzin fight to a draw.
18:06 of 2nd period - Penalty to Lassi Thomson for Fighting.
18:06 of 2nd period - Penalty to Vasili Podkolzin for Fighting.
18:07 of 2nd period - Brendan Brisson wins face-off versus Brad Lambert in Toronto St Pats zone.
18:14 of 2nd period - Wrist shot by Arthur Kaliyev.
18:14 of 2nd period - Stopped by Jakub Skarek without a rebound.
18:15 of 2nd period - Brad Lambert wins face-off versus Brendan Brisson in Toronto St Pats zone.
18:20 of 2nd period - Slapshot by Arthur Kaliyev.
18:20 of 2nd period - Stopped by Jakub Skarek with a rebound.
18:22 of 2nd period - Snap shot by Arthur Kaliyev.
18:22 of 2nd period - Stopped by Jakub Skarek with a rebound.
18:24 of 2nd period - Slapshot by Jamie Drysdale.
18:24 of 2nd period - Shot Misses the Net.
18:26 of 2nd period - Snap shot by Logan Morrison.
18:26 of 2nd period - Stopped by Jakub Skarek without a rebound.
18:27 of 2nd period - Logan Morrison wins face-off versus Mackie Samoskevich in Toronto St Pats zone.
18:32 of 2nd period - Snap shot by Jesse Puljujarvi.
18:32 of 2nd period - Shot Misses the Net.
18:37 of 2nd period - Off-side.
18:38 of 2nd period - Logan Morrison wins face-off versus Brendan Brisson in neutral zone.
18:47 of 2nd period - Pierre-Olivier Joseph is hit by Adam Erne and loses puck.
19:38 of 2nd period - Snap shot by Matthew Maggio.
19:38 of 2nd period - Shot Blocked by Lucas Edmonds.
19:40 of 2nd period - Slapshot by Pierre-Olivier Joseph.
19:40 of 2nd period - Shot Blocked by Jett Woo.
19:49 of 2nd period - Off-side.
19:50 of 2nd period - Brendan Gaunce wins face-off versus Logan Morrison in neutral zone.
19:57 of 2nd period - Wrist shot by Brendan Gaunce.
19:57 of 2nd period - Stopped by Remi Poirier without a rebound.
19:58 of 2nd period - Brendan Brisson wins face-off versus Brad Lambert in Sarnia Sailors zone.
Goals for this period are 2 for Sarnia Sailors vs 1 for Toronto St Pats.
Shots for this period are 21 for Sarnia Sailors vs 19 for Toronto St Pats.
3rd period
0:01 of 3rd period - Brad Lambert wins face-off versus Brendan Brisson in neutral zone.
0:35 of 3rd period - Slapshot by Jamie Drysdale.
0:35 of 3rd period - Deflect By Nick Cousins.
0:35 of 3rd period - Stopped by Jakub Skarek with a rebound.
0:45 of 3rd period - Snap shot by Landon Slaggert.
0:45 of 3rd period - Shot Misses the Net.
0:47 of 3rd period - Slapshot by Jamie Drysdale.
0:47 of 3rd period - Shot Blocked by Nikita Okhotiuk.
0:49 of 3rd period - Wrist shot by Lucas Edmonds.
0:49 of 3rd period - Shot Misses the Net.
0:51 of 3rd period - Slapshot by Jamie Drysdale.
0:51 of 3rd period - Stopped by Jakub Skarek with a rebound.
0:53 of 3rd period - Snap shot by Jamie Drysdale.
0:53 of 3rd period - Shot Blocked by Nikita Okhotiuk.
0:55 of 3rd period - Slapshot by Jack Rathbone.
0:55 of 3rd period - Stopped by Jakub Skarek with a rebound.
1:09 of 3rd period - Slapshot by Ryan Tverberg.
1:09 of 3rd period - Stopped by Remi Poirier without a rebound.
1:10 of 3rd period - Logan Morrison wins face-off versus Brendan Gaunce in Sarnia Sailors zone.
1:10 of 3rd period - Logan Morrison is hit by Ryan Tverberg.
1:20 of 3rd period - Snap shot by Adam Erne.
1:20 of 3rd period - Stopped by Jakub Skarek with a rebound.
1:22 of 3rd period - Slapshot by Adam Erne.
1:22 of 3rd period - Shot Misses the Net.
1:42 of 3rd period - Minor Penalty to Brett Berard for Tripping.
1:43 of 3rd period - Connor Dewar wins face-off versus Brad Lambert in Toronto St Pats zone.
1:43 of 3rd period - Connor Dewar is hit by Jamie Drysdale.
1:53 of 3rd period - Slapshot by Nick Cousins.
1:53 of 3rd period - Goal by Nick Cousins - Sarnia Sailors : 3 - Toronto St Pats : 3.
1:54 of 3rd period - Brad Lambert wins face-off versus Travis Boyd in neutral zone.
2:07 of 3rd period - Snap shot by Arthur Kaliyev.
2:07 of 3rd period - Stopped by Jakub Skarek with a rebound.
2:27 of 3rd period - Slapshot by Nick Cousins.
2:27 of 3rd period - Shot Misses the Net.
3:06 of 3rd period - Penalty to Lassi Thomson is over, Lassi Thomson is back on ice.
3:13 of 3rd period - Icing by Jesse Puljujarvi.
3:14 of 3rd period - Travis Boyd wins face-off versus Tristen Nielsen in Sarnia Sailors zone.
3:42 of 3rd period - Penalty to Brett Berard is over, Brett Berard is back on ice.
3:49 of 3rd period - Wrist shot by John Farinacci.
3:49 of 3rd period - Shot Blocked by Declan Chisholm.
4:29 of 3rd period - Lassi Thomson is hit by Adam Ginning and loses puck.
4:46 of 3rd period - Wrist shot by Connor Dewar.
4:46 of 3rd period - Shot Blocked by Jack Rathbone.
4:58 of 3rd period - Matthew Maggio is hit by Brad Lambert and loses puck.
5:14 of 3rd period - John Farinacci is hit by Adam Erne and loses puck.
5:27 of 3rd period - Slapshot by Brett Berard.
5:27 of 3rd period - Stopped by Remi Poirier without a rebound.
5:28 of 3rd period - Brett Berard wins face-off versus Logan Morrison in Sarnia Sailors zone.
6:02 of 3rd period - Wrist shot by Jesse Puljujarvi.
6:02 of 3rd period - Stopped by Jakub Skarek with a rebound.
6:14 of 3rd period - Snap shot by Nick Cousins.
6:14 of 3rd period - Stopped by Remi Poirier with a rebound.
6:20 of 3rd period - Declan Chisholm is hit by Nick Cousins and loses puck.
6:42 of 3rd period - Off-side.
6:43 of 3rd period - Connor Dewar wins face-off versus Tristen Nielsen in neutral zone.
6:45 of 3rd period - Pierre-Olivier Joseph is hit by Jett Woo and loses puck.
7:08 of 3rd period - Austin Watson is hit by Arthur Kaliyev and loses puck.
7:35 of 3rd period - Brett Berard is hit by Adam Ginning.
7:39 of 3rd period - Slapshot by Pierre-Olivier Joseph.
7:39 of 3rd period - Shot Blocked by Adam Ginning.
8:14 of 3rd period - Minor Penalty to Tristen Nielsen for Cross-checking.
8:15 of 3rd period - Logan Morrison wins face-off versus Brendan Brisson in Sarnia Sailors zone.
10:14 of 3rd period - Penalty to Tristen Nielsen is over, Tristen Nielsen is back on ice.
10:48 of 3rd period - Jamie Drysdale is hit by Lassi Thomson and loses puck.
11:21 of 3rd period - Wrist shot by Arthur Kaliyev.
11:21 of 3rd period - Stopped by Jakub Skarek with a rebound.
11:49 of 3rd period - Wrist shot by Travis Boyd.
11:49 of 3rd period - Stopped by Remi Poirier with a rebound.
12:31 of 3rd period - Minor Penalty to Pierre-Olivier Joseph for Tripping.
12:32 of 3rd period - Nick Cousins wins face-off versus Brad Lambert in Toronto St Pats zone.
14:23 of 3rd period - Sam Malinski is hit by Vasili Podkolzin and loses puck.
14:31 of 3rd period - Penalty to Pierre-Olivier Joseph is over, Pierre-Olivier Joseph is back on ice.
14:52 of 3rd period - Samuel Walker is hit by Pierre-Olivier Joseph and loses puck.
15:07 of 3rd period - Wrist shot by Brendan Gaunce.
15:07 of 3rd period - Stopped by Remi Poirier with a rebound.
15:21 of 3rd period - Backhand shot by Jamie Drysdale.
15:21 of 3rd period - Stopped by Jakub Skarek with a rebound.
16:05 of 3rd period - Adam Ginning is hit by Travis Boyd and loses puck.
16:46 of 3rd period - Lucas Edmonds is hit by Ryan Tverberg and loses puck.
18:46 of 3rd period - Nikita Okhotiuk is hit by Lucas Edmonds and loses puck.
19:10 of 3rd period - Icing by Samuel Walker.
19:11 of 3rd period - Logan Morrison wins face-off versus John Farinacci in Sarnia Sailors zone.
Goals for this period are 0 for Sarnia Sailors vs 1 for Toronto St Pats.
Shots for this period are 8 for Sarnia Sailors vs 6 for Toronto St Pats.
Overtime #1
0:01 of 1st overtime period - Connor Dewar wins face-off versus Brad Lambert in neutral zone.
0:13 of 1st overtime period - Slapshot by Declan Chisholm.
0:13 of 1st overtime period - Stopped by Jakub Skarek with a rebound.
0:37 of 1st overtime period - Snap shot by Travis Boyd.
0:37 of 1st overtime period - Shot Blocked by Arthur Kaliyev.
1:40 of 1st overtime period - Logan Morrison is hit by Nikita Okhotiuk and loses puck.
1:49 of 1st overtime period - Brendan Brisson is hit by Logan Morrison and loses puck.
2:25 of 1st overtime period - Jack Rathbone is hit by Scott Perunovich and loses puck.
2:50 of 1st overtime period - Snap shot by Tristen Nielsen.
2:50 of 1st overtime period - Stopped by Jakub Skarek without a rebound.
2:51 of 1st overtime period - Connor Dewar wins face-off versus Brad Lambert in Toronto St Pats zone.
3:20 of 1st overtime period - Travis Boyd is hit by Vasili Podkolzin and loses puck.
3:25 of 1st overtime period - Wrist shot by Tristen Nielsen.
3:25 of 1st overtime period - Stopped by Jakub Skarek with a rebound.
3:55 of 1st overtime period - Adam Ginning is hit by Ryan Tverberg and loses puck.
4:02 of 1st overtime period - Logan Morrison is hit by Brendan Gaunce and loses puck.
4:30 of 1st overtime period - Nikita Okhotiuk is hit by Tristen Nielsen.
4:36 of 1st overtime period - Snap shot by Brendan Gaunce.
4:36 of 1st overtime period - Deflect By Ryan Tverberg.
4:36 of 1st overtime period - Stopped by Remi Poirier with a rebound.
Goals for this period are 0 for Sarnia Sailors vs 0 for Toronto St Pats.
Shots for this period are 3 for Sarnia Sailors vs 1 for Toronto St Pats.
ShootOut
5:00 of 1st overtime period - Round #1.
5:00 of 1st overtime period - Sarnia Sailors, Arthur Kaliyev.
5:00 of 1st overtime period - Deke by Arthur Kaliyev.
5:00 of 1st overtime period - Goal by Arthur Kaliyev.
5:00 of 1st overtime period - Toronto St Pats, Connor Dewar.
5:00 of 1st overtime period - Wrist shot by Connor Dewar.
5:00 of 1st overtime period - Shot Misses the Net.
5:00 of 1st overtime period - Round #2.
5:00 of 1st overtime period - Sarnia Sailors, Jesse Puljujarvi.
5:00 of 1st overtime period - Deke by Jesse Puljujarvi.
5:00 of 1st overtime period - Stopped by Jakub Skarek.
5:00 of 1st overtime period - Toronto St Pats, Nick Cousins.
5:00 of 1st overtime period - Deke by Nick Cousins.
5:00 of 1st overtime period - Goal by Nick Cousins.
5:00 of 1st overtime period - Round #3.
5:00 of 1st overtime period - Sarnia Sailors, Adam Erne.
5:00 of 1st overtime period - Deke by Adam Erne.
5:00 of 1st overtime period - Goal by Adam Erne.
5:00 of 1st overtime period - Toronto St Pats, Travis Boyd.
5:00 of 1st overtime period - Deke by Travis Boyd.
5:00 of 1st overtime period - Goal by Travis Boyd.
5:00 of 1st overtime period - Round #4.
5:00 of 1st overtime period - Sarnia Sailors, Vasili Podkolzin.
5:00 of 1st overtime period - Deke by Vasili Podkolzin.
5:00 of 1st overtime period - Goal by Vasili Podkolzin.
5:00 of 1st overtime period - Toronto St Pats, Brendan Brisson.
5:00 of 1st overtime period - Snap shot by Brendan Brisson.
5:00 of 1st overtime period - Stopped by Remi Poirier.
Back to the Top